IL
NASHVILLE SOUNDS @ OMAHA STORM CHASERS
06/19/2044
 
TOP OF THE 1ST
Nashville Sounds batting - Pitching for Omaha Storm Chasers : RHP Elijah Lewis
Pitching: RHP Elijah Lewis
Batting: LHB Zachary DeLuca 0-0: Called Strike
0-1: Ball
1-1: Fly out, F7 (Flyball, 78S, EV 76.3 MPH)
Batting: RHB Robby Godwin 0-0: Called Strike
0-1: SINGLE (Groundball, 4MS, EV 67.5 MPH) (infield hit)
Batting: RHB Chris Stillions 0-0: Called Strike
0-1: Ball
1-1: Ball
2-1: Foul Ball, location: 2F
2-2: Fly out, F8 (Flyball, 8LD, EV 94.4 MPH)
Batting: RHB Dusty Thompson 0-0: Called Strike
0-1: Swinging Strike
0-2: Ball
1-2: Ball
2-2: Fly out, F4 (Flyball, 6MD, EV 76.9 MPH)
Top of the 1st over - 0 runs, 1 hit, 0 errors, 1 left on base; Nashville 0 - Omaha 0
BOTTOM OF THE 1ST
Omaha Storm Chasers batting - Pitching for Nashville Sounds : RHP Reynaldo Edwards
Pitching: RHP Reynaldo Edwards
Batting: RHB Yuichi Takata 0-0: Foul Ball, location: 2F
0-1: Fly out, F8 (Flyball, 8RS, EV 91.9 MPH)
Batting: RHB Bob Najar 0-0: Foul Ball, location: 2F
0-1: Ball
1-1: SINGLE (Groundball, 6MS, EV 66.9 MPH) (infield hit)
Batting: LHB Sam Britt 0-0: Ball
Bob Najar steals 2nd base
1-0: Foul Ball, location: 2F
1-1: Called Strike
1-2: Ball
2-2: Foul Ball, location: 2F
2-2: Ball
3-2: Base on Balls
Batting: LHB Roman Downey 0-0: Foul Ball, location: 2F
0-1: DOUBLE (Flyball, 8LXD, EV 88.1 MPH)
Bob Najar scores
Sam Britt to third
Batting: RHB Mikolas Markus 0-0: Foul Ball, location: 2F
0-1: Ball
1-1: Foul Ball, location: 2F
1-2: Foul Ball, location: 2F
1-2: Ball
2-2: Ball
3-2: Strikes out swinging
Batting: LHB Justin Rupert 0-0: Ball
1-0: 3-RUN HOME RUN (Flyball, 89XD, EV 100.0 MPH), Distance : 405 ft
Batting: RHB Nick Ogle 0-0: Called Strike
0-1: Swinging Strike
0-2: Ball
1-2: Foul Ball, location: 2F
1-2: Ball
2-2: Ball
3-2: Fly out, F9 (Flyball, 89M, EV 72.5 MPH)
Bottom of the 1st over - 4 runs, 3 hits, 0 errors, 0 left on base; Nashville 0 - Omaha 4
TOP OF THE 2ND
Nashville Sounds batting - Pitching for Omaha Storm Chasers : RHP Elijah Lewis
Batting: SHB Rich Muniz 0-0: Ball
1-0: Ball
2-0: Called Strike
2-1: Foul Ball, location: 2F
2-2: Ground out 6-3 (Groundball, 6M, EV 85.6 MPH)
Batting: RHB Eduardo Chavez 0-0: Ball
1-0: Swinging Strike
1-1: Foul Ball, location: 2F
1-2: Ball
2-2: Strikes out swinging
Batting: SHB Josh Thorpe 0-0: Called Strike
0-1: Ball
1-1: Swinging Strike
1-2: Foul Ball, location: 2F
1-2: Strikes out looking
Top of the 2nd over - 0 runs, 0 hits, 0 errors, 0 left on base; Nashville 0 - Omaha 4
BOTTOM OF THE 2ND
Omaha Storm Chasers batting - Pitching for Nashville Sounds : RHP Reynaldo Edwards
Batting: RHB Jaden Warrior 0-0: Ball
1-0: Ground out 6-3 (Groundball, 6S, EV 89.4 MPH)
Batting: RHB Joeri Plas 0-0: Called Strike
0-1: Ball
1-1: Ball
2-1: Swinging Strike
2-2: Ball
3-2: Ground out 6-3 (Groundball, 6, EV 83.8 MPH)
Batting: RHB Yuichi Takata 0-0: Swinging Strike
0-1: Foul Ball, location: 2F
0-2: Ball
1-2: Strikes out swinging
Bottom of the 2nd over - 0 runs, 0 hits, 0 errors, 0 left on base; Nashville 0 - Omaha 4
TOP OF THE 3RD
Nashville Sounds batting - Pitching for Omaha Storm Chasers : RHP Elijah Lewis
Batting: RHB Hyeong-uk Lyang 0-0: Ball
1-0: Foul Ball, location: 2F
1-1: Fly out, F7 (Flyball, 7LS, EV 87.5 MPH)
Batting: RHB D.J. Torres 0-0: Ball
1-0: Ball
2-0: Called Strike
2-1: Swinging Strike
2-2: Foul Ball, location: 2F
2-2: SINGLE (Flyball, 4MD, EV 95.0 MPH)
Batting: LHB Zachary DeLuca 0-0: Ball
1-0: Ball
2-0: Fly out, F8 (Flyball, 78D, EV 108.8 MPH)
Batting: RHB Robby Godwin 0-0: Ball
1-0: Ground out 4-3 (Groundball, 4S, EV 85.0 MPH)
Top of the 3rd over - 0 runs, 1 hit, 0 errors, 1 left on base; Nashville 0 - Omaha 4
BOTTOM OF THE 3RD
Omaha Storm Chasers batting - Pitching for Nashville Sounds : RHP Reynaldo Edwards
Batting: RHB Bob Najar 0-0: Swinging Strike
0-1: Foul Ball, location: 2F
0-2: Foul Ball, location: 2F
0-2: Ball
1-2: Strikes out swinging
Batting: LHB Sam Britt 0-0: Ball
1-0: Foul Ball, location: 2F
1-1: Called Strike
1-2: Ball
2-2: Fly out, F9 (Flyball, 9S, EV 88.1 MPH)
Batting: LHB Roman Downey 0-0: Foul Ball, location: 2F
0-1: Reached on error, E3 (Groundball, 34S, EV 69.4 MPH)
Batting: RHB Mikolas Markus 0-0: Ball
1-0: Called Strike
Roman Downey steals 2nd base
1-1: Swinging Strike
1-2: Strikes out swinging
Bottom of the 3rd over - 0 runs, 0 hits, 1 error, 1 left on base; Nashville 0 - Omaha 4
TOP OF THE 4TH
Nashville Sounds batting - Pitching for Omaha Storm Chasers : RHP Elijah Lewis
Batting: RHB Chris Stillions 0-0: Ball
1-0: Ball
2-0: Ball
3-0: Ground out 6-3 (Groundball, 6, EV 85.0 MPH)
Batting: RHB Dusty Thompson 0-0: Ball
1-0: Ball
2-0: Called Strike
2-1: Ball
3-1: Base on Balls
Batting: SHB Rich Muniz 0-0: Ball
1-0: Ball
2-0: Called Strike
2-1: Ball
3-1: Fly out, F8 (Flyball, 8LD, EV 95.0 MPH)
Batting: RHB Eduardo Chavez 0-0: Foul Ball, location: 2F
0-1: Foul Ball, location: 2F
0-2: Fielders Choice at 2nd, 5-4 (Groundball, 56, EV 85.0 MPH)
Top of the 4th over - 0 runs, 0 hits, 0 errors, 1 left on base; Nashville 0 - Omaha 4
BOTTOM OF THE 4TH
Omaha Storm Chasers batting - Pitching for Nashville Sounds : RHP Reynaldo Edwards
Batting: LHB Justin Rupert 0-0: Ball
1-0: SINGLE (Groundball, 6S, EV 73.8 MPH) (infield hit)
Batting: RHB Nick Ogle 0-0: DOUBLE (Line Drive, 89XD, EV 103.1 MPH)
Justin Rupert to third
Runner from 3rd tries for Home, throw by CF and OUT! 8-4-2
Nick Ogle to third
Batting: RHB Jaden Warrior 0-0: SINGLE (Groundball, 56D, EV 100.6 MPH)
Nick Ogle scores
Pitching: RHP Ace Gaskins
Batting: RHB Joeri Plas 0-0: Ball
1-0: Called Strike
1-1: Ball
2-1: Called Strike
2-2: Ball
3-2: Strikes out swinging
Batting: RHB Yuichi Takata 0-0: Called Strike
0-1: Fly out, F5 (Popup, 5F, EV 69.4 MPH)
Bottom of the 4th over - 1 run, 3 hits, 0 errors, 1 left on base; Nashville 0 - Omaha 5
TOP OF THE 5TH
Nashville Sounds batting - Pitching for Omaha Storm Chasers : RHP Elijah Lewis
Batting: SHB Josh Thorpe 0-0: Called Strike
0-1: Ball
1-1: SINGLE (Groundball, 34D, EV 101.9 MPH)
Batting: RHB Hyeong-uk Lyang 0-0: Called Strike
0-1: Ball
1-1: Called Strike
1-2: Grounds into double play, 5-4-3 (Groundball, 56, EV 93.1 MPH)
Batting: RHB D.J. Torres 0-0: Hit by Pitch
Batting: LHB Zachary DeLuca 0-0: Ball
1-0: Called Strike
1-1: Ball
2-1: Ball
3-1: Base on Balls
D.J. Torres to second
Batting: RHB Robby Godwin 0-0: Ball
1-0: Swinging Strike
1-1: Ball
2-1: Foul Ball, location: 2F
2-2: Foul Ball, location: 2F
2-2: Fly out, F9 (Flyball, 9S, EV 87.5 MPH)
Top of the 5th over - 0 runs, 1 hit, 0 errors, 2 left on base; Nashville 0 - Omaha 5
BOTTOM OF THE 5TH
Omaha Storm Chasers batting - Pitching for Nashville Sounds : RHP Ace Gaskins
Batting: RHB Bob Najar 0-0: Foul Ball, location: 2F
0-1: Ball
1-1: Called Strike
1-2: SINGLE (Line Drive, 8LS, EV 106.9 MPH)
Batting: LHB Sam Britt 0-0: Ball
1-0: Fielders Choice at 2nd, 4-6 (Groundball, 4, EV 78.8 MPH)
Batting: LHB Roman Downey 0-0: Called Strike
0-1: Ball
1-1: Called Strike
1-2: Ball
2-2: Foul Ball, location: 2F
2-2: Strikes out swinging
Batting: RHB Mikolas Markus 0-0: Called Strike
0-1: SINGLE (Groundball, 56D, EV 95.0 MPH)
Sam Britt to second
Batting: LHB Justin Rupert 0-0: Ball
1-0: Ground out 5-3 (Groundball, 56, EV 96.9 MPH)
Bottom of the 5th over - 0 runs, 2 hits, 0 errors, 2 left on base; Nashville 0 - Omaha 5
TOP OF THE 6TH
Nashville Sounds batting - Pitching for Omaha Storm Chasers : RHP Elijah Lewis
Batting: RHB Chris Stillions 0-0: Ball
1-0: Swinging Strike
1-1: Swinging Strike
1-2: Foul Ball, location: 2F
1-2: Foul Ball, location: 2F
1-2: Ground out 5-3 (Groundball, 56, EV 105.0 MPH)
Batting: RHB Dusty Thompson 0-0: Swinging Strike
0-1: Called Strike
0-2: Ball
1-2: Ball
2-2: Foul Ball, location: 2F
2-2: Ball
3-2: Base on Balls
Batting: SHB Rich Muniz 0-0: Called Strike
0-1: 2-RUN HOME RUN (Flyball, 9D, EV 97.5 MPH), Distance : 359 ft
Batting: RHB Eduardo Chavez 0-0: Ball
1-0: Foul Ball, location: 2F
1-1: Ball
2-1: Ground out 5-3 (Groundball, 25, EV 88.8 MPH)
Batting: SHB Josh Thorpe 0-0: Called Strike
0-1: Ground out 4-3 (Groundball, 34, EV 81.3 MPH)
Top of the 6th over - 2 runs, 1 hit, 0 errors, 0 left on base; Nashville 2 - Omaha 5
BOTTOM OF THE 6TH
Omaha Storm Chasers batting - Pitching for Nashville Sounds : RHP Ace Gaskins
Batting: RHB Nick Ogle 0-0: Called Strike
0-1: SINGLE (Line Drive, 7S, EV 96.3 MPH)
Batting: RHB Jaden Warrior 0-0: Ball
1-0: Called Strike
1-1: Fielders Choice at 2nd, 4-6 (Groundball, 4, EV 103.8 MPH)
Batting: RHB Joeri Plas 0-0: Foul Ball, location: 2F
0-1: Ball
1-1: Swinging Strike
1-2: SINGLE (Line Drive, 89S, EV 98.1 MPH)
Jaden Warrior to second
Runner from 2nd tries for 3rd, SAFE, throw by RF made to third
Batting: RHB Yuichi Takata 0-0: Ball
1-0: Swinging Strike
1-1: Ball
2-1: Foul Ball, location: 2F
2-2: SINGLE (Groundball, 56, EV 97.5 MPH)
Jaden Warrior scores
Joeri Plas to second
Batting: RHB Bob Najar 0-0: Ball
1-0: SINGLE (Groundball, 25, EV 64.4 MPH) (infield hit)
Joeri Plas to third
Yuichi Takata to second
Batting: LHB Sam Britt 0-0: Grounds into double play, 4-6-3 (Groundball, 4, EV 85.6 MPH)
Bottom of the 6th over - 1 run, 4 hits, 0 errors, 2 left on base; Nashville 2 - Omaha 6
TOP OF THE 7TH
Nashville Sounds batting - Pitching for Omaha Storm Chasers : RHP Elijah Lewis
Batting: RHB Hyeong-uk Lyang 0-0: Foul Ball, location: 2F
0-1: Ground out 4-3 (Groundball, 4M, EV 80.6 MPH)
Pitching: RHP Dennis Holifield
Batting: RHB D.J. Torres 0-0: Ball
1-0: Swinging Strike
1-1: Foul Ball, location: 2F
1-2: Ball
2-2: Strikes out looking
Batting: LHB Zachary DeLuca 0-0: Called Strike
0-1: Called Strike
0-2: Ball
1-2: Ball
2-2: Strikes out swinging
Top of the 7th over - 0 runs, 0 hits, 0 errors, 0 left on base; Nashville 2 - Omaha 6
BOTTOM OF THE 7TH
Omaha Storm Chasers batting - Pitching for Nashville Sounds : RHP Ace Gaskins
Pitching: RHP Andrew Yoder
Batting: LHB Roman Downey 0-0: Called Strike
0-1: Ball
1-1: Called Strike
1-2: SOLO HOME RUN (Flyball, 7D, EV 93.8 MPH), Distance : 370 ft
Pitching: RHP Dunlang Clark
Batting: RHB Mikolas Markus 0-0: Foul Ball, location: 2F
0-1: Ball
1-1: Foul Ball, location: 2F
1-2: Ball
2-2: Foul Ball, location: 2F
2-2: Foul Ball, location: 2F
2-2: Foul Ball, location: 2F
2-2: Foul Ball, location: 2F
2-2: SINGLE (Groundball, 6MD, EV 105.6 MPH)
Batting: LHB Justin Rupert 0-0: Foul Ball, location: 2F
0-1: Called Strike
0-2: Foul Ball, location: 2F
0-2: Ball
1-2: Strikes out swinging
Batting: RHB Nick Ogle 0-0: Called Strike
0-1: SINGLE (Groundball, 6D, EV 97.5 MPH)
Mikolas Markus to second
Batting: RHB Jaden Warrior 0-0: Called Strike
0-1: Ball
1-1: Ball
2-1: Swinging Strike
2-2: Foul Ball, location: 2F
2-2: Foul Ball, location: 2F
2-2: Foul Ball, location: 2F
2-2: Ball
3-2: Strikes out swinging
Batting: RHB Joeri Plas 0-0: Ball
1-0: Fielders Choice at 2nd, 6-4 (Groundball, 6, EV 90.6 MPH)
Bottom of the 7th over - 1 run, 3 hits, 0 errors, 2 left on base; Nashville 2 - Omaha 7
TOP OF THE 8TH
Nashville Sounds batting - Pitching for Omaha Storm Chasers : RHP Dennis Holifield
Batting: RHB Robby Godwin 0-0: Foul Ball, location: 2F
0-1: Ball
1-1: Ball
2-1: Swinging Strike
2-2: Strikes out swinging
Batting: RHB Chris Stillions 0-0: Ball
1-0: SINGLE (Line Drive, 78S, EV 84.4 MPH)
Batting: RHB Dusty Thompson 0-0: Ball
1-0: Called Strike
1-1: Fly out, F3 (Popup, 13, EV 83.8 MPH)
Batting: SHB Rich Muniz 0-0: Ball
1-0: Ball
2-0: Ball
3-0: Fly out, F8 (Flyball, 8LM, EV 72.5 MPH)
Top of the 8th over - 0 runs, 1 hit, 0 errors, 1 left on base; Nashville 2 - Omaha 7
BOTTOM OF THE 8TH
Omaha Storm Chasers batting - Pitching for Nashville Sounds : RHP Dunlang Clark
Batting: RHB Yuichi Takata 0-0: Called Strike
0-1: Foul Ball, location: 2F
0-2: Ball
1-2: Ball
2-2: SINGLE (Groundball, 6MD, EV 98.8 MPH)
Batting: RHB Bob Najar 0-0: Ball
Yuichi Takata steals 2nd base (no throw)
1-0: Called Strike
1-1: Foul Ball, location: 2F
1-2: Ball
2-2: Ground out 5-3 (Groundball, 5S, EV 66.9 MPH)
Yuichi Takata to third
Batting: LHB Sam Britt 0-0: Ball
Wild Pitch!
Yuichi Takata scores
1-0: Called Strike
1-1: Ball
2-1: Ball
3-1: Foul Ball, location: 2F
3-2: Base on Balls
Batting: LHB Roman Downey 0-0: Ball
1-0: Ball
2-0: Ball
3-0: Base on Balls
Sam Britt to second
Pitching: RHP Joe Spampinato
Batting: RHB Mikolas Markus 0-0: Called Strike
0-1: Foul Ball, location: 2F
0-2: Strikes out swinging
Batting: LHB Justin Rupert 0-0: Ball
1-0: Called Strike
1-1: Ground out 4-3 (Groundball, 4, EV 83.1 MPH)
Bottom of the 8th over - 1 run, 1 hit, 0 errors, 2 left on base; Nashville 2 - Omaha 8
TOP OF THE 9TH
Nashville Sounds batting - Pitching for Omaha Storm Chasers : RHP Dennis Holifield
Batting: RHB Eduardo Chavez 0-0: Ball
1-0: Ball
2-0: Foul Ball, location: 2F
2-1: Swinging Strike
2-2: Foul Ball, location: 2F
2-2: Ball
3-2: Base on Balls
Batting: SHB Josh Thorpe 0-0: SINGLE (Groundball, 4MS, EV 71.3 MPH) (infield hit)
Eduardo Chavez to second
Batting: RHB Hyeong-uk Lyang 0-0: Called Strike
0-1: Swinging Strike
0-2: Foul Ball, location: 2F
0-2: Ball
1-2: SINGLE (Groundball, 56D, EV 100.6 MPH)
Eduardo Chavez to third
Josh Thorpe to second
Pitching: RHP Sergio Quinones
Pinch Hitting: SHB Quincy Bradford 0-0: Foul Ball, location: 2F
0-1: Swinging Strike
0-2: Ball
1-2: Fielders Choice at 2nd, 3-6 (Groundball, 34, EV 93.1 MPH)
Eduardo Chavez scores
Josh Thorpe to third
Batting: LHB Zachary DeLuca 0-0: Ball
1-0: Fielders Choice at 2nd, 3-6 (Groundball, 3, EV 85.6 MPH)
Josh Thorpe scores
Batting: RHB Robby Godwin 0-0: Fly out, F6 (Flyball, 56D, EV 81.9 MPH)
Top of the 9th over - 2 runs, 2 hits, 0 errors, 1 left on base; Nashville 4 - Omaha 8
Thursday, March 31st , 2022 - OOTP Baseball 22.12 Build 89